 Dungeon Crawl Stone Soup version 0.30-a0-672-gc3a7216ad8 (webtiles) character file.

Game seed: 3041083599323003964

611 wormed the Trooper (level 7, -1/38 HPs)
             Began as a Vine Stalker Fighter on Jan 19, 2023.
             Slain by Blork the orc
             ... wielding a +0 flail
              (3 damage)
             ... on level 4 of the Dungeon.
             The game lasted 00:04:19 (2591 turns).

wormed the Trooper (Vine Stalker Fighter)           Turns: 2591, Time: 00:04:20

Health: -1/38      AC: 12    Str: 21    XL:     7   Next: 44%
Magic:  0/8        EV:  5    Int:  8    God:
Gold:   153        SH:  5    Dex: 13    Spells: 6/6 levels left

rFire   . . .      SeeInvis .    a - +0 flail
rCold   . . .      Faith    .    c - +0 buckler
rNeg    . . .      Spirit   +    p - +0 plate armour
rPois   .          Reflect  .    r - +0 helmet
rElec   .          Harm     .    (no cloak)
rCorr   .          Rampage  .    (no gloves)
Will    .....                    (no boots) Stlth
                                 (no amulet)
HPRegen 1.06/turn                (no ring)
MPRegen 0.11/turn                (no ring)

@: weak-willed
A: fangs 2, regeneration 1, magic shield, antimagic bite, no potion heal 2
a: no special abilities


You were on level 4 of the Dungeon.
You visited 1 branch of the dungeon, and saw 4 of its levels.

You collected 153 gold pieces.

Inventory:

Hand Weapons
 a - a +0 flail (weapon)
Missiles
 e - 3 poisoned darts
Armour
 c - a +0 buckler (worn)
 p - a +0 plate armour (worn)
 r - a +0 helmet (worn)
Jewellery
 b - a +6 ring of intelligence
Wands
 o - a wand of mindburst (8)
 q - a wand of roots (8)
 s - a wand of paralysis (5) (quivered)
Scrolls
 f - 2 scrolls of teleportation {unknown}
 k - 5 scrolls of identify {unknown}
 l - a scroll of magic mapping {unknown}
 m - 2 scrolls of noise {unknown}
 u - a scroll of amnesia {unknown}
Potions
 d - a potion of might
 g - a potion of cancellation {unknown}
 h - 3 potions of curing
 i - 3 potions of heal wounds
 n - a potion of resistance
 t - 2 potions of degeneration {unknown}
 v - a potion of invisibility {unknown}


   Skills:
 + Level 4.4 Fighting
 + Level 3.9 Maces & Flails
 + Level 4.0 Armour
 + Level 4.4 Shields


You had 6 spell levels left.
You didn't know any spells.
Your spell library contained the following spells:

 Spells                   Type           Power      Damage    Failure   Level
 Apportation              Tloc           0%         N/A       100%        1
 Necrotise                Necr           0%         1d4       100%        1
 Summon Small Mammal      Summ           0%         N/A       100%        1
 Call Canine Familiar     Summ           0%         N/A       100%        3
 Summon Guardian Golem    Hex/Summ       0%         N/A       100%        3


Dungeon Overview and Level Annotations

Branches:
Dungeon (4/15)
 Temple: D:4-7

Altars:
Elyvilon

Annotations:
D:4 Blork the orc, Eustachio, Ijyb


Innate Abilities, Weirdness & Mutations

You have extremely sharp teeth.
Your natural rate of healing is unusually fast.
When hurt, damage is shared between your health and your magic reserves.
Your bite disrupts and absorbs the magic of your enemies.
Potions cannot restore your health.


Message History

Ijyb zaps a wand.
The roots erupt in riotous growth!
The grasping roots grab you!
Ijyb is unaffected.
The grasping roots constrict you.
You hear a shout!
You hit Ijyb but do no damage. You bite Ijyb. You drain her power.
You feel invigorated.
Ijyb is severely wounded.
Ijyb hits you but does no damage. The grasping roots constrict you.
The orc hits you with a +0 club. Ijyb hits you but does no damage.
The grasping roots constrict you. The orc hits you but does no damage.
You closely miss the orc. Ijyb hits you but does no damage.
The grasping roots constrict you. You block the orc's attack.
You hit the orc but do no damage. Your bite misses the orc.
You block Ijyb's attack. The grasping roots constrict you.
The orc barely misses you.
The grasping roots release their grip on you.
You closely miss the orc. Your bite misses the orc.
Blork the orc gestures wildly while chanting.
Blork the orc seems to speed up.
Ijyb zaps a wand.
The roots erupt in riotous growth!
The grasping roots grab you!
Ijyb is unaffected.
The orc is unaffected.
The grasping roots constrict you. The orc hits you with a +0 club.
Ijyb hits you but does no damage. The grasping roots constrict you.
The orc hits you but does no damage.
You closely miss the orc. You bite the orc, but do no damage.
Ijyb hits you but does no damage. The grasping roots constrict you.
You hit Ijyb. Your bite misses Ijyb.
Ijyb is almost dead.
Blork the orc hits you with a +0 flail!
* * * LOW HITPOINT WARNING * * *
Ijyb hits you with a +0 dagger.
* * * LOW HITPOINT WARNING * * *
The grasping roots constrict you.
* * * LOW HITPOINT WARNING * * *
Eustachio the Magnificent comes into view.
He is wielding a +0 rapier.
The grasping roots release their grip on you.
As you read the scroll labelled QEODIRO KOEGE, it crumbles to dust.
Magic quickly surges around you.
It was a scroll of vulnerability.
Blork the orc hits you with a +0 flail.
You die...

#........######.#....
.........#....#..### .#
.........# .........
.........# #........ .
....... #........# ..
.@.... #.....=..##. ...
#...####)...........
....#......oo..........#
...........@g..........#
.......................
............#..........
......##...##.......##+##
...... #.................
..#.##
#...ยง.............
.................###.....
.................# #..# .
...............# .


You could see Eustachio (weak-willed), Blork the orc (fast, weak-willed), Ijyb
(weak-willed) and an orc (resistant, weak-willed).

Vanquished Creatures
  Grinder (D:3)
  A phantom (D:4)
  A necrophage (D:4)
  Jessica (D:2)
  Terence (D:2)
  Natasha (thrice) (D:2)
  Robin (D:2)
  5 adders
  A worm (D:4)
  A dart slug (D:1)
  3 orcs
  6 bats
  9 endoplasms
  4 giant cockroaches
  15 goblins
  8 hobgoblins
  7 jackals
  4 quokkas
  6 ball pythons
  5 frilled lizards
  9 kobolds
  10 rats
102 creatures vanquished.

Vanquished Creatures (others)
  A butterfly (D:3)
1 creature vanquished.

Grand Total: 103 creatures vanquished

Notes
Turn   | Place    | Note
-------+----------+-------------------------------------------
     0 | D:1      | wormed the Vine Stalker Fighter began the quest for the
                  | Orb.
     0 | D:1      | Reached XP level 1. HP: 11/11 MP: 2/2
   179 | D:1      | Reached XP level 2. HP: 16/16 MP: 3/3
   324 | D:1      | Reached XP level 3. HP: 20/20 MP: 2/4
   993 | D:2      | Noticed Jessica
  1068 | D:3      | Found a faded altar of an unknown god.
  1140 | D:3      | Noticed Grinder
  1183 | D:2      | Noticed Robin
  1192 | D:2      | Gained mutation: Your natural rate of healing is unusually
                  | fast. [Vine Stalker growth]
  1192 | D:2      | Reached XP level 4. HP: 24/24 MP: 5/5
  1211 | D:2      | Killed Robin
  1374 | D:2      | Noticed Natasha
  1398 | D:2      | Noticed Terence
  1399 | D:2      | Killed Natasha
  1400 | D:2      | Reached XP level 5. HP: 15/28 MP: 3/6
  1426 | D:2      | Killed Terence
  1512 | D:2      | Killed Jessica
  1553 | D:2      | Noticed Natasha
  1569 | D:2      | Killed Natasha
  1579 | D:2      | Noticed Natasha
  1591 | D:2      | Killed Natasha
  1656 | D:2      | Reached XP level 6. HP: 33/33 MP: 7/7
  1851 | D:3      | Killed Grinder
  1987 | D:3      | Found a white marble altar of Elyvilon.
  1990 | D:3      | Reached XP level 7. HP: 37/37 MP: 8/8
  2416 | D:4      | Noticed Blork the orc
  2511 | D:4      | Noticed Ijyb
  2590 | D:4      | HP: 1/38 [constriction (4)]
  2590 | D:4      | Noticed Eustachio
  2591 | D:4      | Slain by Blork the orc

Illustrated notes

Levels and vault maps discovered:
D:1:      saegor_arrival_simple_b, layout_basic, minmay_distorted
D:2:      layout_rooms, minmay_goblin_kobold_house, uniq_natasha, uniq_jessica,
          uniq_robin, uniq_terence
D:3:      layout_loops_ring, nicolae_elyvilon_peaceful_grove,
          hellmonk_ecumenical_altar_dog_temple, uniq_grinder
D:4:      layout_basic, uniq_eustachio, uniq_blork_the_orc, uniq_ijyb

Skill      XL: |  1  2  3  4  5  6  7 |
---------------+----------------------+-----
Maces & Flails | 2 3 |  3.9
Fighting       | 3 4 |  4.4
Shields        | 3 4 |  4.4
Armour         | 3 4 |  4.0

Action                   |  1- 3 |  4- 6 |  7- 9 || total
-------------------------+-------+-------+-------++-------
Melee: Flail             |   104 |   127 |   119 ||   350
       Bite              |    18 |    28 |    24 ||    70
Evoke: Wand              |       |       |     1 ||     1
  Use: Scroll            |       |       |     1 ||     1
Armor: Scale mail        |    21 |       |       ||    21
       Chain mail        |    29 |    18 |       ||    47
       Plate armour      |       |    62 |   148 ||   210
Dodge: Dodged            |    50 |    43 |    32 ||   125
Block: Buckler           |    25 |    28 |    50 ||   103

Table legend: (Time is in decaauts)
 A = Elapsed time spent in this place.
 B = Non-inter-level travel time spent in this place.
 C = Inter-level travel time spent in this place.
 D = Time resting spent in this place.
 E = Time spent auto-exploring this place.
 F = Levels seen in this place.
 G = Mean time per level.
                   A        B        C        D        E       F      G
               +--------+--------+--------+--------+--------+-----+--------+
         Total |   2703 |   2484 |    219 |      0 |   1617 |   4 |  675.8 |
       Dungeon |   2703 |   2484 |    219 |      0 |   1617 |   4 |  675.8 |
               +--------+--------+--------+--------+--------+-----+--------+

Top non-repeatable levels by time:
     D:1: 877 daAuts
     D:3: 809 daAuts
     D:2: 799 daAuts
     D:4: 217 daAuts
